 Dungeon Crawl Stone Soup version 0.31-a0-731-ga75f04deac (webtiles) character file.

Game seed: 12209729445248151157

805 Ijustatesigmund the Magician (level 7, -3/40 HPs)
             Began as a Deep Elf Fire Elementalist on Sept 12, 2023.
             Slain by an ice beast (7 damage)
             ... on level 4 of the Dungeon.
             The game lasted 00:09:00 (5339 turns).

Ijustatesigmund the Magician (DEFE)                 Turns: 5339, Time: 00:09:01

Health: -3/40      AC:  3    Str:  5    XL:     7   Next: 60%
Magic:  0/16       EV: 12    Int: 22    God:
Gold:   210        SH:  5    Dex: 19    Spells: 9/16 levels left

rFire   . . .        m - +1 sling
rCold   . . .        (no shield)
rNeg    + . .        o - +0 leather armour of the Sun {rN+ Dex+4 Slay+2}
rPois   .            (no helmet)
rElec   .            (no cloak)
rCorr   .            (no gloves)
SInv    .            (no boots)
Will    .....        i - amulet of reflection
Stlth   ++           (no ring)
HPRegen 0.26/turn    (no ring)
MPRegen 0.15/turn

%: reflection
@: no status effects
A: no striking features
a: no special abilities


You were on level 4 of the Dungeon.
You visited 1 branch of the dungeon, and saw 5 of its levels.

You collected 210 gold pieces.

Inventory:

Hand Weapons
 f - a +0 dagger
 m - a +1 sling (weapon)
Missiles
 l - a throwing net
Armour
 a - a +0 robe
 o - the +0 leather armour of the Sun (worn) {rN+ Dex+4 Slay+2}
   (You found it on level 3 of the Dungeon)

   Dex+4:     It affects your dexterity (+4).
   Slay+2:    It affects your accuracy & damage with ranged weapons and melee
   (+2).
   rN+:       It protects you from negative energy.
Jewellery
 i - an amulet of reflection (around neck)
Scrolls
 d - a scroll of amnesia
 h - 3 scrolls of fog
Potions
 c - a potion of berserk rage {unknown}
 g - a potion of attraction {unknown}
 k - a potion of mutation {unknown}
 n - a potion of ambrosia {unknown}


   Skills:
 + Level 2.4 Fighting
 - Level 1.2 Ranged Weapons
 - Level 4.2 Armour
 - Level 2.4 Dodging
 - Level 2.4 Stealth
 + Level 5.2 Spellcasting
 + Level 3.5 Conjurations
 + Level 4.8 Fire Magic


You had 9 spell levels left.
You knew the following spells:

 Your Spells              Type           Power      Damage    Failure   Level
a - Foxfire               Conj/Fire      96%        2x1d8     2%          1
b - Scorch                Fire           54%        2d7       3%          2
c - Flame Wave            Conj/Fire      24%        2d8       26%         4

Your spell library contained the following spells:

 Spells                   Type           Power      Damage    Failure   Level
 Slow                     Hex            20%        N/A       16%         1
 Sting                    Tmut/Pois      20%        1d4       16%         1
 Inner Flame              Hex/Fire       16%        N/A       17%         3
 Volatile Blastmotes      Fire/Tloc      32%        2d12      17%         3
 Stone Arrow              Conj/Erth      26%        3d8       22%         3
 Poisonous Vapours        Pois/Air       10%        N/A       24%         2
 Confusing Touch          Hex            5%         N/A       43%         3
 Sigil of Binding         Hex            5%         N/A       43%         3
 Vampiric Draining        Necr           5%         2d6       43%         3
 Animate Armour           Summ/Erth      10%        N/A       83%         4
 Olgreb's Toxic Radiance  Pois           5%         N/A       83%         4
 Discord                  Hex            2%         N/A       100%        8
 Ignition                 Fire           13%        3d6       100%        8
 Lehudib's Crystal Spear  Conj/Erth      6%         10d3      100%        8


Dungeon Overview and Level Annotations

Branches:
Dungeon (5/15)             Temple (0/1) D:4

Altars:

Shops:
D:4 [


Message History

Flames lash the sleepcap.
The sleepcap is burned terribly!
You destroy the sleepcap!
An ice beast comes into view.
Casting: Scorch (safe; 3% risk of failure)
Confirm with . or Enter, or press ? or * to list all spells.
Flames lash the ice beast.
The ice beast melts!
The ice beast is moderately wounded.
The ice beast's fire resistance burns away.
The ice beast barely misses you.
A scorpion comes into view.
The ice beast barely misses you. You block the ice beast's attack.
You climb upwards.
There is a stone staircase leading down here.
Casting: Scorch (safe; 3% risk of failure)
Confirm with . or Enter, or press ? or * to list all spells.
Flames lash the ice beast.
The ice beast melts!
The ice beast is heavily wounded.
The ice beast closely misses you. The ice beast hits you.
The ice beast freezes you!
Casting: Scorch (safe; 3% risk of failure)
Confirm with . or Enter, or press ? or * to list all spells.
Flames lash the ice beast.
The ice beast melts!
The ice beast is severely wounded.
The ice beast misses you. The ice beast hits you. The ice beast freezes you.
Casting: Scorch (safe; 3% risk of failure)
Confirm with . or Enter, or press ? or * to list all spells.
Flames lash the ice beast.
The ice beast melts!
The ice beast is almost dead.
You block the ice beast's attack. The ice beast hits you.
The ice beast freezes you!
* * * LOW HITPOINT WARNING * * *
Casting: Scorch (safe; 3% risk of failure)
Confirm with . or Enter, or press ? or * to list all spells.
Flames lash the ice beast but do no damage.
The ice beast hits you.
* * * LOW HITPOINT WARNING * * *
The ice beast freezes you!
You die...

...#........########.......##....
#......P....# #.########<...
####.#..>.)## ##.## ####..#
#........# #...# #......
#......P.# #...# #.##...
####..####..## #...# #.##.#.
...#.........######.^.#####......
...##.#.####.##...........#..#.#.
......#.#.......@Y...............
........).##.##...........#..)...
.†.##.#...##.######...######.....
##.##........# #...# ####.#
#.#####.##### #...# #.. #.#####.#
#...# #.# ##.....†)# ##.######
#.. ########.# #......%# ###
########.# #.###.#.# #


You could see an ice beast (combustible).

Vanquished Creatures
  Menkaure (D:4)
  An ogre (D:5)
  2 scorpions
  A howler monkey (D:5)
  A jelly (D:3)
  3 sleepcaps (D:5)
  Jessica (D:2)
  2 iguanas
  2 orc wizards (D:5)
  8 gnolls
  6 adders
  A worm (D:2)
  4 dart slugs
  4 orcs
  7 ball pythons
  7 bats
  4 endoplasms
  2 giant cockroaches
  5 goblins
  7 hobgoblins
  2 jackals (D:5)
  A quokka (D:1)
  4 frilled lizards
  4 kobolds
  5 rats
85 creatures vanquished.

Vanquished Creatures (others)
  85 foxfires
85 creatures vanquished.

Grand Total: 170 creatures vanquished

Notes
Turn   | Place    | Note
-------+----------+-------------------------------------------
     0 | D:1      | Ijustatesigmund the Deep Elf Fire Elementalist began the
                  | quest for the Orb.
     0 | D:1      | Reached XP level 1. HP: 10/10 MP: 6/6
   208 | D:1      | Reached XP level 2. HP: 16/16 MP: 5/8
   211 | D:1      | Learned a level 2 spell: Scorch
  1387 | D:2      | Reached skill level 1 in Fighting
  1387 | D:2      | Reached XP level 3. HP: 17/20 MP: 5/10
  2027 | D:2      | Reached skill level 4 in Spellcasting
  2027 | D:2      | Reached XP level 4. HP: 20/25 MP: 2/12
  2103 | D:2      | Learned a level 4 spell: Flame Wave
  2149 | D:2      | Noticed Jessica
  2151 | D:2      | Killed Jessica
  2152 | D:2      | Reached skill level 1 in Ranged Weapons
  2759 | D:3      | Identified the +0 leather armour of the Sun {rN+ Dex+4
                  | Slay+2}
  3332 | D:4      | Reached XP level 5. HP: 23/29 MP: 8/13
  3333 | D:4      | Reached skill level 1 in Armour
  3824 | D:4      | Found Uratuydy's Antique Armour Shop.
  4015 | D:4      | Noticed Menkaure
  4020 | D:4      | Killed Menkaure
  4021 | D:4      | Reached XP level 6. HP: 13/34 MP: 7/14
  4313 | D:4      | Found a staircase to the Ecumenical Temple.
  4808 | D:5      | Entered Level 5 of the Dungeon
  4816 | D:5      | Reached XP level 7. HP: 39/39 MP: 7/15
  5117 | D:5      | Reached skill level 5 in Spellcasting
  5339 | D:4      | Slain by an ice beast

Illustrated notes

Levels and vault maps discovered:
D:1:      dpeg_arrival_concentric_ovals, layout_basic, minmay_distorted
D:2:      layout_basic, minmay_tromino_v4_b, uniq_jessica
D:3:      layout_basic
D:4:      layout_loops_cross, minmay_temple_entry_overgrown,
          minmay_shop_grid_forest, uniq_menkaure
D:5:      layout_loops_ring, kennysheep_okawaru_gauntlet,
          general_overflow_altar, mainiacjoe_overflow_alcove_1

Skill      XL: |  1  2  3  4  5  6  7 |
---------------+----------------------+-----
Fighting       | 1 2 |  2.4
Conjurations   | 2 3 |  3.5
Spellcasting   | 4 5 |  5.2
Ranged Weapons | 1 |  1.2
Fire Magic     | 4 |  4.8
Armour         | 3 4 |  4.2
Dodging        | |  2.4
Stealth        | |  2.4

Action                     |  1- 3 |  4- 6 |  7- 9 || total
---------------------------+-------+-------+-------++-------
   Fire: Sling             |     4 |    47 |    12 ||    63
   Cast: Foxfire           |    44 |     4 |     1 ||    49
         Scorch            |    17 |    35 |    21 ||    73
         Flame Wave        |       |     2 |     2 ||     4
    Use: Scroll            |       |     7 |       ||     7
         Potion            |       |     3 |     1 ||     4
 Armour: Robe              |     9 |     9 |       ||    18
         Leather armour    |       |    16 |    22 ||    38
  Dodge: Dodged            |     6 |    33 |    20 ||    59
  Block: Other             |       |     7 |     7 ||    14

Table legend: (Time is in decaauts)
 A = Elapsed time spent in this place.
 B = Non-inter-level travel time spent in this place.
 C = Inter-level travel time spent in this place.
 D = Time resting spent in this place.
 E = Time spent auto-exploring this place.
 F = Levels seen in this place.
 G = Mean time per level.
                   A        B        C        D        E       F      G
               +--------+--------+--------+--------+--------+-----+--------+
         Total |   5366 |   5242 |    124 |   1488 |   3189 |   5 | 1073.2 |
       Dungeon |   5366 |   5242 |    124 |   1488 |   3189 |   5 | 1073.2 |
               +--------+--------+--------+--------+--------+-----+--------+

Top non-repeatable levels by time:
     D:4: 1443 daAuts
     D:1: 1247 daAuts
     D:2: 1243 daAuts
     D:3: 1205 daAuts
     D:5: 226 daAuts
